Map: Cerulean Fall LE

Players

RiSky - Winner!

  • Race: Zerg Zerg
  • League: Grandmaster
  • Spawn Location: 1:00

gelous

  • Race: Protoss Protoss
  • League: Diamond
  • Spawn Location: 7:00

VOD

Have the link to the VOD?

Description

Time

  • Played on: Oct. 10, 2018, 12:16 p.m.
  • Length: 7:25
Show
View Real Time Build Order
Export as new Build Order

RiSky Zerg - Winner!

Build Orders: Hatch First 

Get SALT Encoding   

  12  0:00  Drone  
  13  0:12  Overlord  
  13  0:17  Drone  
  14  0:30  Drone x2  
  16  0:49  Hatchery  
  15  0:52  Drone  
  15  0:55  Drone  
  17  1:00  Drone  
  18  1:09  Extractor  
  17  1:15  Spawning Pool  
  17  1:18  Drone  
  17  1:21  Drone  
  18  1:28  Drone  
  19  1:39  Overlord  
  19  1:49  Drone  
  20  2:02  Queen x2  
  20  2:03  Zergling x4  
  26  2:10  Drone  
  26  2:11  Drone  
  26  2:13  Metabolic Boost  
  28  2:21  Drone  
  28  2:22  Drone  
  30  2:32  Drone  
  31  2:40  Hatchery  
  30  2:45  Overlord  
  30  2:46  Drone  
  30  2:49  Drone  
  32  2:55  Drone  
  32  2:57  Queen  
  35  3:00  Drone  
  35  3:05  Drone  
  37  3:12  Drone x2  
  39  3:13  Drone x2  
  39  3:15  Overlord  
  39  3:18  Drone  
  39  3:19  Drone  
  43  3:22  Drone  
  44  3:35  Overlord  
  44  3:36  Drone x2  
  44  3:38  Drone  
  47  3:42  Drone x2  
  47  3:43  Lair  
  47  3:44  Overlord  
  47  3:46  Drone  
  50  3:50  Drone  
  50  3:53  Extractor  
  50  3:55  Extractor, Roach Warren, Drone  
  49  3:58  Drone  
  49  4:01  Drone  
  51  4:04  Drone  
  51  4:06  Drone  
  51  4:07  Overlord  
  51  4:09  Drone  
  53  4:12  Drone x2  
  53  4:16  Drone x2  
  57  4:19  Drone x2  
  57  4:20  Drone  
  60  4:24  Spore Crawler, Drone  
  60  4:25  Drone  
  60  4:27  Queen  
  63  4:32  Drone  
  63  4:36  Overlord  
  63  4:37  Roach  
  66  4:42  Overseer  
  66  4:43  Roach x4  
  74  4:48  Glial Reconstitution, Roach  
  74  4:50  Roach  
  78  4:54  Overlord  
  78  4:55  Drone x2  
  78  4:59  Overlord  
  80  5:05  Zergling x12  
  86  5:09  Evolution Chamber  
  86  5:10  Zergling x2  
  87  5:21  Extractor x2, Zergling x16  
  92  5:28  Overlord  
  92  5:34  Roach x2  
  97  5:39  Roach  
  97  5:41  Overseer  
  99  5:48  Roach x5  
  99  5:49  Overlord  
  108  5:51  Spore Crawler  
  108  5:52  Roach x3  
  108  5:56  Overlord  
  113  6:01  Overlord  
  113  6:02  Overlord x3  
  110  6:09  Ravager x5  
  115  6:14  Zergling x6  
  115  6:18  Drone x2  
  120  6:19  Drone x2  
  120  6:20  Drone  
  120  6:21  Ravager x2  
  125  6:28  Overlord  
  125  6:30  Drone  
  125  6:31  Hatchery, Drone  
  125  6:32  Drone  
  124  6:36  Drone  
  124  6:37  Overlord x2  
  125  6:40  Drone x2  
  125  6:42  Ravager x4  
  125  6:46  Zergling x2  
  125  6:47  Zergling x4  
  133  6:52  Hatchery  
  133  6:53  Drone  
  133  6:58  Ravager x3  
  133  6:59  Zergling x10  
  135  7:21  Ravager x4  
Show
View Real Time Build Order
Export as new Build Order

gelous Protoss 

Build Orders: 1 Gate Expand 

Get SALT Encoding   

  12  0:01  Probe  
  13  0:15  Probe  
  14  0:27  Probe  
  15  0:29  Pylon  
  15  0:47  Probe  
  15  0:49  Gateway  
  16  0:55  Assimilator  
  16  0:58  Probe  
  17  1:06  Probe  
  18  1:14  Probe  
  19  1:28  Nexus  
  19  1:32  Probe  
  20  1:42  Cybernetics Core  
  20  1:47  Probe  
  20  1:51  Pylon  
  21  2:11  Gateway  
  21  2:13  Warp Gate  
  21  2:14  Adept  
  21  2:28  Probe  
  24  2:31  Assimilator  
  24  2:40  Probe  
  25  2:48  Adept, Shield Battery  
  26  2:54  Probe x2  
  28  2:58  Stalker  
  30  3:06  Probe  
  31  3:13  Twilight Council  
  31  3:15  Forge  
  31  3:41  Charge  
  31  3:46  Robotics Facility  
  31  3:47  Gateway  
  31  3:48  Gateway  
  31  3:52  Protoss Ground Weapons Level 1  
  32  3:55  Probe  
  32  4:05  Probe  
  32  4:08  Probe  
  34  4:14  Probe  
  34  4:15  Pylon  
  34  4:16  Probe  
  34  4:24  Probe x2  
  38  4:34  Warp Prism  
  40  4:40  Gateway  
  40  4:41  Sentry  
  42  5:02  Zealot  
  44  5:08  Immortal  
  42  5:20  Zealot x2  
  42  5:21  Zealot  
  50  5:36  Sentry  
  50  5:37  Gateway  
  50  5:40  Assimilator  
  52  5:42  Pylon  
  52  5:46  Pylon  
  52  5:51  Pylon  
  52  5:56  Zealot  
  54  6:01  Immortal  
  56  6:06  Probe x2  
  58  6:15  Assimilator  
  58  6:16  Pylon  
  58  6:18  Probe  
  59  6:22  Probe  
  60  6:30  Probe  
  60  6:32  Zealot x4  
  65  6:34  Probe  
  52  6:42  Probe x2  
  54  6:54  Probe, Templar Archives  
  54  6:59  Zealot x4  
  54  7:00  Zealot  
  57  7:19  Zealot  
  57  7:20  Zealot x2  
Tags
 
Add a new tag
Caveats
  • Supply blocks, unpowered buildings, or Contaminate may cause inaccurate times.
  • Supply counts are checked every 10 seconds.